cohdb
Replays
Latest Replays
All Replays
Popular Replays
Top Player Replays
Match Explorer
How It Works
Community
CoH3 Stats
Reddit
Sign in to upload your games and track your stats! →
Sign in with Steam
Match 44874685
Unlisted
Match 44874685
Overview
Messages
Build Orders
End
Construct Barracks
Riflemen Squad
Riflemen Squad
Riflemen Squad
Riflemen Squad
M1 Mortar Team
Infantry Support Center
Grenade Package
Selects Airborne Battlegroup
Selects Heavy Machine Gun Paradrop
Selects Paratrooper Squad Paradrop
Selects Anti-tank Gun Team Paradrop
M1918 Browning Automatic Rifles
Anti-tank Gun Team Paradrop
Anti-tank Gun Team Paradrop
Heavy Machine Gun Paradrop
Selects Recon Loiter
Selects Supply Drop
Construct Tank Depot
AI Takeover
Genki
joonsybro
Buyo
Nut
0
0
Comments
sign in to comment!
No comments posted yet!